 Dungeon Crawl Stone Soup version 0.22-a0-283-g1871b15 (webtiles) character file.

187 4thArraOfDagon the Slasher (level 5, -2/38 HPs)
             Began as a Formicid Warper on Mar 18, 2018.
             Slain by a troll (7 damage)
             ... on level 13 of the Dungeon.
             The game lasted 00:04:03 (1014 turns).

4thArraOfDagon the Slasher (Formicid Warper)        Turns: 1014, Time: 00:04:03

Health: -2/38      AC:  6    Str: 15    XL:     5   Next: 99%
Magic:  8/8        EV:  9    Int: 14    God:
Gold:   57         SH: 10    Dex: 10    Spells: 8/8 levels left

rFire    . . .     SeeInvis +   g - +0 long sword
rCold    . . .     Gourm    .   j - +2 buckler
rNeg     . . .     Faith    .   c - +0 scale mail
rPois    .         Spirit   .   (helmet unavailable)
rElec    .         Reflect  +   (no cloak)
rCorr    .         Harm     .   (no gloves)
MR       .....                  (no boots)
Stlth    ..........             i - +4 amulet of reflection
HPRegen  0.12/turn              (no ring)
MPRegen  0.11/turn              (no ring)

@: no status effects
A: permanent stasis, dig shafts and tunnels, four strong arms, antennae 3
a: Dig, Shaft Self


You were on level 13 of the Dungeon.
You were near starving.

You visited 1 branch of the dungeon, and saw 9 of its levels.

You collected 57 gold pieces.

Inventory:

Hand Weapons
 a - a +0 falchion
 g - a +0 long sword (weapon)
Missiles
 e - 3 tomahawks of dispersal (quivered)
Armour
 b - a +0 leather armour
 c - a +0 scale mail (worn)
 j - a +2 buckler (worn)
Jewellery
 i - a +4 amulet of reflection (around neck)
 k - an uncursed amulet of guardian spirit
Wands
 h - a wand of digging (13)
Scrolls
 d - a scroll of blinking
Comestibles
 f - 2 rations


   Skills:
 - Level 2.1 Fighting
 * Level 5.0 Long Blades
 - Level 1.0 Throwing
 - Level 1.1 Armour
 - Level 1.7 Dodging
 + Level 2.8 Shields
 - Level 2.1 Spellcasting
   Level 2.6 Translocations


You had 8 spell levels left.
You didn't know any spells.

Dungeon Overview and Level Annotations

Branches:
Dungeon (12/15)
 Temple: D:4-7         Lair: D:8-11         Orc: D:9-12

Altars:


Innate Abilities, Weirdness & Mutations

You cannot be hasted, slowed, berserked, paralysed or teleported.
You can dig through walls and to a lower floor.
Your four strong arms can wield two-handed weapons with a shield.
You have a pair of large antennae on your head. (SInv)


Message History

It was a potion of ambrosia.
You are confused.
You feel invigorated.
Unknown command.
You're too confused to move!
You're too confused to move!
You're too confused to move!
The troll bites you! The troll claws you! The troll claws you.
* * * LOW HITPOINT WARNING * * *
You retract your mandibles.
You feel less invigorated.
You feel less confused.
Unknown command.
Are you sure you want to shaft yourself?
You are near starving!
The troll bites you!
* * * LOW HITPOINT WARNING * * *
The troll barely misses you. You block the troll's attack.
You begin to dig a shaft.
You continue digging a shaft.
You block the troll's attack. The troll claws you!
You die...

...
#.#
#.#
..#
#.#
#.#
#.#
#@#
#T#
#.#
#.#
#...#
#.#(#
#.#.#
. #.#
##
#.#


You could see a troll.

Vanquished Creatures
  A water moccasin zombie (D:10)
  2 hounds (D:10)
  An orc wizard (D:10)
  A worker ant zombie (D:10)
  An adder (D:2)
  2 dart slugs (D:2)
  A leopard gecko (D:3)
  An orc (D:2)
  2 goblins
  A hobgoblin (D:2)
  2 kobolds (D:1)
  3 bats (D:2)
  A frilled lizard (D:2)
  4 rats
23 creatures vanquished.

Notes
Turn   | Place    | Note
-------+----------+-------------------------------------------
     0 | D:1      | 4thArraOfDagon the Formicid Warper began the quest for the Orb.
     0 | D:1      | Reached XP level 1. HP: 16/16 MP: 3/3
     3 | D:1      | You fall through a shaft!
    31 | D:2      | Reached XP level 2. HP: 14/22 MP: 5/5
   152 | D:1      | You fall through a shaft!
   159 | D:2      | Reached skill level 3 in Long Blades
   204 | D:2      | Reached XP level 3. HP: 22/27 MP: 6/6
   300 | D:3      | You fall through a shaft for 3 floors!
   301 | D:6      | :O
   345 | D:6      | Noticed an ogre
   356 | D:6      | Noticed a bullfrog
   357 | D:6      | Noticed a necrophage
   360 | D:6      | You fall through a shaft for 3 floors!
   375 | D:10     | Entered Level 10 of the Dungeon
   414 | D:10     | Reached skill level 4 in Long Blades
   414 | D:10     | Reached skill level 1 in Shields
   414 | D:10     | Reached XP level 4. HP: 18/33 MP: 7/7
   601 | D:10     | Reached XP level 5. HP: 38/38 MP: 8/8
   675 | D:10     | Reached skill level 5 in Long Blades
   692 | D:10     | Noticed a centaur warrior zombie
   975 | D:11     | Noticed a two-headed ogre
   978 | D:11     | You fall through a shaft!
   978 | D:12     | Noticed a troll
   978 | D:12     | Noticed an ogre
   996 | D:12     | Noticed a vampire mosquito
  1005 | D:11     | You fall through a shaft for 2 floors!
  1005 | D:13     | Noticed a troll
  1014 | D:13     | Slain by a troll

Vault maps used:
D:1:      ncdulo_lavacross
D:2:      first_ration, uniq_crazy_yiuf_cottage
D:3:      kennysheep_generic_room_11, uniq_jessica
D:6:      overflow_temple_1_default
D:9:      lemuel_round_altar, lemuel_crystal_altar
D:10:     uniq_harold
D:11:     lair_entry_dummy, david_orc_4
D:12:     special_room

Skill      XL: |  1  2  3  4  5 |
---------------+----------------+-----
Long Blades    | 3 4 5 |  5.0
Shields        | 1 2 |  2.8
Fighting       | |  2.1
Throwing       | |  1.0
Armour         | |  1.1
Dodging        | |  1.7
Spellcasting   | |  2.1
Translocations | |  2.6

Action                   |  1- 3 |  4- 6 || total
-------------------------+-------+-------++-------
Melee: Falchion          |    77 |       ||    77
       Long sword        |       |    43 ||    43
Throw: Tomahawk          |       |     2 ||     2
 Abil: Shaft Self        |     2 |     3 ||     5
       Dig               |     1 |     9 ||    10
  Use: Scroll            |     2 |       ||     2
       Potion            |       |     1 ||     1
  Eat: Chunk             |       |     2 ||     2
Armor: Leather armour    |     6 |       ||     6
       Scale mail        |    30 |    17 ||    47
Dodge: Dodged            |    38 |    19 ||    57
Block: Buckler           |    17 |    32 ||    49
       Reflection        |     1 |       ||     1
       Rpst.: Falchion   |    16 |       ||    16
       Long sword        |       |     8 ||     8

Table legend:
 A = Spawn XP
 B = Non-spawn XP
 C = Spawn XP percentage of total XP
 D = Spawn monster count
 E = Non-spawn monster count
 F = Spawn count percentage of total count
 G = Total turns spent on level
                    A         B        C        D         E        F      G
               +---------+---------+-------+---------+---------+-------+---------
         Total |       0 |     268 |   0.0 |       0 |      23 |   0.0 |  1014
               +---------+---------+-------+---------+---------+-------+---------
           D:1 |       0 |       7 |   0.0 |       0 |       4 |   0.0 |    56
           D:2 |       0 |      36 |   0.0 |       0 |      13 |   0.0 |   230
           D:3 |       0 |       3 |   0.0 |       0 |       1 |   0.0 |    14
          D:10 |       0 |     222 |   0.0 |       0 |       5 |   0.0 |   372
               +---------+---------+-------+---------+---------+-------+---------
